 Dungeon Crawl Stone Soup version 0.26-a0-812-g31a745ddcd (webtiles) character file.

Game seed: 14090053941946691501

5 Apogee the Chucker (level 1, 7/23 HPs)
             Began as an Ogre Hunter on Dec 5, 2020.
             Quit the game on level 1 of the Dungeon.
             The game lasted 00:01:04 (344 turns).

Apogee the Chucker (Ogre Hunter)                     Turns: 344, Time: 00:01:04

Health: 7/23       AC:  3    Str: 15    XL:     1   Next: 80%
Magic:  1/1        EV: 10    Int: 12    God:
Gold:   23         SH:  0    Dex:  9    Spells: 0/0 levels left

rFire    . . .     SeeInvis .   (no weapon)
rCold    . . .     Faith    .   (no shield)
rNeg     . . .     Spirit   .   b - +0 robe
rPois    .         Reflect  .   (helmet restricted)
rElec    .         Harm     .   (no cloak)
rCorr    .         Rampage  .   (gloves unavailable)
MR       .....                  (boots unavailable)
Stlth    +.........             (no amulet)
HPRegen  0.07/turn              (no ring)
MPRegen  0.07/turn              (no ring)

@: no status effects
A: large, unfitting armour, tough skin 1
a: no special abilities


You were on level 1 of the Dungeon.
You visited 1 branch of the dungeon, and saw 1 of its levels.

You collected 23 gold pieces.

Inventory:

Hand Weapons
 a - a +0 short sword
Missiles
 d - a throwing net (quivered) {!f}
Armour
 b - a +0 robe (worn)
Jewellery
 e - an uncursed ring of positive energy {unknown}
   (You found it on level 1 of the Dungeon)
 f - an uncursed ring of resist corrosion {unknown}
   (You found it on level 1 of the Dungeon)


   Skills:
 + Level 3.4 Fighting
 - Level 4.0 Throwing
 - Level 1.7 Dodging
 - Level 0.6 Stealth


You couldn't memorise any spells.
You didn't know any spells.
Your spell library was empty.

Dungeon Overview and Level Annotations

Branches:
Dungeon (1/15)

Altars:


Innate Abilities, Weirdness & Mutations

You are too large for most types of armour.
You have tough skin. (AC +1)


Message History

The large rock hits the rat but does no damage.
The rat closely misses you.
Throwing (i - inventory. (/) - cycle)
c - 3 large rocks (quivered)
Aim: a hobgoblin, wielding a +0 club (moderately wounded)
You throw a large rock. The large rock closely misses the rat.
The large rock barely misses the hobgoblin.
The rat bites you.
* * * LOW HITPOINT WARNING * * *
The rat misses you.
Throwing (i - inventory. (/) - cycle)
c - 2 large rocks (quivered)
Aim: a hobgoblin, wielding a +0 club (moderately wounded)
You throw a large rock. The large rock hits the rat!
You kill the rat!
The hobgoblin hits you but does no damage.
Throwing (i - inventory. (/) - cycle)
c - a large rock (quivered)
Aim: a hobgoblin, wielding a +0 club (moderately wounded)
You throw a large rock.
The large rock barely misses the hobgoblin.
The hobgoblin closely misses you. The hobgoblin hits you with a +0 club.
* * * LOW HITPOINT WARNING * * *
Throwing (i - inventory)
d - 2 throwing nets (quivered)
{!f}
Aim: a hobgoblin, wielding a +0 club (moderately wounded) Really fire
d - 2 throwing nets {!f}? [Y]es or [N]o only, please.
Really fire
d - 2 throwing nets {!f}?
Unknown command.
Throwing (i - inventory)
d - 2 throwing nets (quivered)
{!f}
Aim: a hobgoblin, wielding a +0 club (moderately wounded) Really fire
d - 2 throwing nets {!f}? [Y]es or [N]o only, please.
Really fire
d - 2 throwing nets {!f}?
Unknown command.
Throwing (i - inventory)
d - 2 throwing nets (quivered)
{!f}
Aim: a hobgoblin, wielding a +0 club (moderately wounded)
Okay, then.
Unknown command.
Throwing (i - inventory)
d - 2 throwing nets (quivered)
{!f}
Aim: a hobgoblin, wielding a +0 club (moderately wounded) Really fire
d - 2 throwing nets {!f}?
You throw a throwing net {!f}.
The throwing net {!f} barely misses the hobgoblin.
The hobgoblin barely misses you.
Really attack unarmed? [Y]es or [N]o only, please.
Really attack unarmed? [Y]es or [N]o only, please.
Really attack unarmed?
Okay, then.
Unknown command.
You see here a dagger.

### # ##.######### .#
#######.#.....@).###.(#
#........#######g#(g..#
#.#####..# #.g#.(## #.#
#..# #.###.# #.# #).#
#.## #.# #.# #..# #.#
#.. #.#####..# ## ###
#.#.....(# #.#.###(##


You could see 2 hobgoblins.

Vanquished Creatures
  A hobgoblin (D:1)
  2 kobolds (D:1)
  A frilled lizard (D:1)
  A rat (D:1)
5 creatures vanquished.

Notes
Turn   | Place    | Note
-------+----------+-------------------------------------------
     0 | D:1      | Apogee the Ogre Hunter began the quest for the Orb.
     0 | D:1      | Reached XP level 1. HP: 22/22 MP: 1/1
   344 | D:1      | Quit the game

Illustrated notes

Levels and vault maps discovered:
D:1:      lemuel_arrival_funnel, layout_loops_ring

Skill      XL: |  1 |
---------------+----+-----
Fighting       | 3 |  3.4
Throwing       | |  4.0
Dodging        | |  1.7
Stealth        | |  0.6

Action                   || total
-------------------------++-------
Melee: Short sword       ||    21
Throw: Large rock        ||     5
       Throwing net      ||     1
Armor: Robe              ||     8
Dodge: Dodged            ||    12

Table legend: (Time is in decaauts)
 A = Elapsed time spent in this place.
 B = Non-inter-level travel time spent in this place.
 C = Inter-level travel time spent in this place.
 D = Time resting spent in this place.
 E = Time spent auto-exploring this place.
 F = Levels seen in this place.
 G = Mean time per level.
                   A        B        C        D        E       F      G
               +--------+--------+--------+--------+--------+-----+--------+
         Total |    349 |    349 |      0 |      0 |    290 |   1 |  349.0 |
       Dungeon |    349 |    349 |      0 |      0 |    290 |   1 |  349.0 |
               +--------+--------+--------+--------+--------+-----+--------+

Top non-repeatable levels by time:
     D:1: 349 daAuts
